 Dungeon Crawl Stone Soup version 0.25-a0-505-gae4569222e (webtiles) character file.

Game seed: 2572780177034364768, levelgen mode: deterministic

154 kae the Ducker (level 5, -2/41 HPs)
             Began as a Demonspawn Gladiator on Feb 14, 2020.
             Killed by nerve-wracking pain
             ... invoked by Grinder
              (14 damage)
             ... on level 3 of the Dungeon.
             The game lasted 00:03:38 (2770 turns).

kae the Ducker (Demonspawn Gladiator)               Turns: 2770, Time: 00:03:39

Health: -2/41      AC:  6    Str: 14    XL:     5   Next: 13%
Magic:  5/5        EV: 13    Int: 10    God:
Gold:   132        SH:  0    Dex: 15    Spells: 4/4 levels left

rFire    . . .     SeeInvis .     - Unarmed
rCold    . . .     Gourm    .   (no shield)
rNeg     . . .     Faith    .   a - +0 leather armour
rPois    .         Spirit   .   b - +0 helmet
rElec    .         Reflect  .   (no cloak)
rCorr    .         Harm     .   (no gloves)
MR       .....                  (no boots)
Stlth    ++........             (no amulet)
HPRegen  0.13/turn              (no ring)
MPRegen  0.09/turn              (no ring)

@: no status effects
A: molten scales 1, demonic guardian 1, nightstalker 1
a: no special abilities


You were on level 3 of the Dungeon.
You were hungry.

You visited 1 branch of the dungeon, and saw 3 of its levels.

You collected 132 gold pieces.

Inventory:

Missiles
 c - 3 throwing nets (quivered)
Armour
 a - a +0 leather armour (worn)
 b - a +0 helmet (worn)
Jewellery
 j - a +2 ring of dexterity
Scrolls
 e - 3 scrolls of identify
 f - a scroll of fear {unknown}
 h - a scroll of remove curse
 i - a scroll of magic mapping
 o - a scroll of enchant armour {unknown}
 q - a scroll of amnesia {unknown}
Potions
 g - 3 potions of lignification {unknown}
 k - 2 potions of curing {unknown}
 l - 2 potions of heal wounds {unknown}
 m - 2 potions of haste {unknown}
 n - a potion of magic {unknown}
Comestibles
 d - 4 rations
 p - 3 chunks of flesh


   Skills:
 + Level 3.1 Fighting
 + Level 2.8 Throwing
 + Level 3.5 Dodging
 + Level 3.5 Unarmed Combat


You had 4 spell levels left.
You didn't know any spells.
Your spell library contained the following spells:

 Spells                   Type           Power        Failure   Level  Hunger
 Confusing Touch          Hex            #.......     82%         3    ####...
 Gell's Gravitas          Tloc           #.........   82%         3    ####...
 Petrify                  Tmut/Erth      #.......     99%         4    #####..
 Metabolic Englaciation   Hex/Ice        #.........   100%        5    ######.
 Yara's Violent Unravell  Hex/Tmut       #.........   100%        5    ######.


Dungeon Overview and Level Annotations

Branches:
Dungeon (3/15)

Altars:
Makhleb
Vehumet
Wu Jian

Annotations:
D:3 3 runed translucent doors, Grinder; Rasan's ghost, amateur MfFi


Innate Abilities, Weirdness & Mutations

You are partially covered in molten scales. (AC +2)
A weak demonic guardian rushes to your aid.
You are slightly more attuned to the shadows.


Message History

Grinder closely misses your iron imp. Grinder hits your white imp!
Your white imp dies!
You can move again.
Unknown command.
Unknown command.
Unknown command.
Your iron imp hits Grinder but does no damage.
Grinder hits your iron imp but does no damage.
You swap places.
Grinder says, "Just stop there for a second..."
Grinder hits you.
You writhe in agony.
* * * LOW HITPOINT WARNING * * *
You hit Grinder.
Grinder is severely wounded.
Grinder blinks!
You swap places.
Grinder gestures at you. Pain shoots through your body!
You die...

#........ #........
#........ #############
# #+###.........###
#.#+#+#..†'.........'..
#........##.........###
.....§...##............
.....5@5.##............
......5..########......
..#+#+#### #...... .
###.... ..


You could see Grinder, a friendly iron imp and a friendly shadow imp.

Vanquished Creatures
  4 adders
  3 oozes
  2 worms
  2 dart slugs
  3 leopard geckos
  4 orcs (D:3)
  3 giant cockroaches
  8 goblins
  9 hobgoblins
  6 jackals
  6 kobolds
  2 quokkas (D:2)
  5 bats
  4 frilled lizards
  7 rats
68 creatures vanquished.

Vanquished Creatures (collateral kills)
  A howler monkey (D:3)
  A bat (D:3)
2 creatures vanquished.

Grand Total: 70 creatures vanquished

Notes
Turn   | Place    | Note
-------+----------+-------------------------------------------
     0 | D:1      | kae the Demonspawn Gladiator began the quest for the Orb.
     0 | D:1      | Reached XP level 1. HP: 16/16 MP: 1/1
   131 | D:1      | Gained mutation: A weak demonic guardian rushes to your
                  | aid. [demonic ancestry]
   131 | D:1      | Reached XP level 2. HP: 18/22 MP: 2/2
   744 | D:1      | Gained mutation: You are partially covered in molten
                  | scales. (AC +2) [demonic ancestry]
   744 | D:1      | Reached XP level 3. HP: 28/28 MP: 3/3
  1423 | D:2      | Reached XP level 4. HP: 7/34 MP: 4/4
  1528 | D:2      | Found an ornate altar of the Wu Jian Council.
  1834 | D:2      | Found a radiant altar of Vehumet.
  1834 | D:2      | Found a burning altar of Makhleb.
  1966 | D:3      | Found a runed translucent gate.
  1966 | D:3      | Found a runed translucent gate.
  1966 | D:3      | Found a runed translucent gate.
  1967 | D:3      | Noticed a big kobold
  1967 | D:3      | Noticed Rasan's ghost (amateur MfFi)
  1967 | D:3      | Noticed a big kobold
  2579 | D:3      | Gained mutation: You are slightly more attuned to the
                  | shadows. [demonic ancestry]
  2579 | D:3      | Reached XP level 5. HP: 35/41 MP: 5/5
  2737 | D:3      | Noticed Grinder
  2760 | D:3      | Paralysed by Grinder for 7 turns
  2770 | D:3      | Killed from afar by Grinder

Levels and vault maps discovered:
D:1:      minmay_arrival_widening_spiral_narrow, layout_loops_ring,
          serial_bayou_ford_a
D:2:      layout_basic, minitemple, nicolae_overflow_hidden_temple,
          nicolae_overflow_quartered_altars
D:3:      layout_basic, first_ration, gammafunk_ghost_nasty_kobolds,
          chequers_serial_rivers_small_a, minmay_fractal_squares_5,
          uniq_grinder, uniq_crazy_yiuf_cottage

Skill      XL: |  1  2  3  4 |
---------------+-------------+-----
Throwing       | 2 |  2.8
Dodging        | 3 |  3.5
Unarmed Combat | 3 |  3.5
Fighting       | 3 |  3.1

Action                   |  1- 3 |  4- 6 || total
-------------------------+-------+-------++-------
Melee: Unarmed           |   218 |   187 ||   405
       Punch             |     1 |     4 ||     5
  Use: Scroll            |     5 |       ||     5
       Potion            |       |     1 ||     1
 Stab: Sleeping          |     1 |     1 ||     2
  Eat: Chunk             |     2 |     4 ||     6
Armor: Leather armour    |    62 |    48 ||   110
Dodge: Dodged            |   140 |   115 ||   255

Table legend:
 A = Non-vault XP
 B = Vault XP
 C = Vault XP percentage of total XP
 D = Non-vault monster count
 E = Vault monster count
 F = Vault count percentage of total count
                 A         B        C        D         E       F
            +---------+---------+-------+---------+---------+-------
      Total |     210 |      11 |   5.0 |      66 |       4 |   5.7
            +---------+---------+-------+---------+---------+-------
        D:1 |      48 |       0 |   0.0 |      24 |       0 |   0.0
        D:2 |      85 |       0 |   0.0 |      24 |       0 |   0.0
        D:3 |      77 |      11 |  12.5 |      18 |       4 |  18.2
            +---------+---------+-------+---------+---------+-------
